 Dungeon Crawl Stone Soup version 0.27-a0-1572-gacd6f1ce93 (webtiles) character file.

Game seed: 8806318730246374004

63 DocSulfur the Sneak (level 3, 0/16 HPs)
             Began as a Spriggan Enchanter on July 17, 2021.
             Slain by a ball python (3 damage)
             ... on level 2 of the Dungeon.
             The game lasted 00:09:01 (2792 turns).

DocSulfur the Sneak (Spriggan Enchanter)            Turns: 2792, Time: 00:09:01

Health: 0/16       AC:  2    Str:  4    XL:     3   Next: 89%
Magic:  2/8        EV: 17    Int: 16    God:
Gold:   16         SH:  0    Dex: 16    Spells: 0/7 levels left

rFire    . . .     SeeInvis +   a - +1 dagger
rCold    . . .     Faith    .   (shield restricted)
rNeg     . . .     Spirit   .   b - +0 robe
rPois    .         Reflect  .   (helmet restricted)
rElec    .         Harm     .   (no cloak)
rCorr    .         Rampage  .   (gloves unavailable)
Will     .....                  (boots unavailable)
Stlth    +++.......             (no amulet)
HPRegen  0.05/turn              (no ring)
MPRegen  0.11/turn              (no ring)

@: confusing by touch, very quick
A: very small, no large weapons, unfitting armour, see invisible, speed 3
a: no special abilities


You were on level 2 of the Dungeon.
You visited 1 branch of the dungeon, and saw 3 of its levels.

You collected 16 gold pieces.

Inventory:

Hand Weapons
 a - a +1 dagger (weapon)
 h - a +2 rapier of venom
Missiles
 c - 34 stones
 m - 14 poisoned darts (quivered)
Armour
 b - a +0 robe (worn)
Magical Staves
 n - a staff of air
Jewellery
 k - a ring of fire
Scrolls
 d - 2 scrolls of enchant armour {unknown}
 f - 2 scrolls of identify {unknown}
 i - a scroll of amnesia {unknown}
 j - a scroll of holy word {unknown}
 l - a scroll of magic mapping {unknown}
 p - a scroll of fog {unknown}
Potions
 e - a potion of might {unknown}
 g - a potion of flight {unknown}
 o - a potion of mutation {unknown}


   Skills:
 * Level 2.7 Short Blades
 - Level 2.6 Dodging
 * Level 5.8 Stealth
 - Level 2.6 Spellcasting
 + Level 4.1 Hexes


You couldn't memorise any spells.
You knew the following spells:

 Your Spells              Type           Power      Damage    Failure   Level
a - Corona                Hex            16%        N/A       3%          1
b - Confusing Touch       Hex            15%        N/A       11%         3
c - Tukima's Dance        Hex            15%        N/A       11%         3

Your spell library contained the following spells:

 Spells                   Type           Power      Damage    Failure   Level
 Ensorcelled Hibernation  Hex/Ice        16%        N/A       12%         2
 Dazzling Flash           Conj/Hex       16%        N/A       24%         3


Dungeon Overview and Level Annotations

Branches:
Dungeon (3/15)

Altars:


Innate Abilities, Weirdness & Mutations

You are very small and have problems with some larger weapons.
You are too small for most types of armour.
You have supernaturally acute eyesight. (SInv)
You cover ground extremely quickly. (Speed+++)


Message History

Confirm with . or Enter, or press ? or * to list all spells.
The spell is extremely dangerous to cast (11% risk of failure)!
Continue anyway? [Y]es or [N]o only, please.
The spell is extremely dangerous to cast (11% risk of failure)!
Continue anyway? [Y]es or [N]o only, please.
The spell is extremely dangerous to cast (11% risk of failure)!
Continue anyway?
Aiming: Tukima's Dance (extremely dangerous; 11% risk of failure)
Press: ? - help, Shift-Dir - straight line
Okay, then.
A ball python is nearby!
Casting: Tukima's Dance (extremely dangerous; 11% risk of failure)
Confirm with . or Enter, or press ? or * to list all spells.
The spell is extremely dangerous to cast (11% risk of failure)!
Continue anyway?
Your hands begin to glow red.
The ball python bites you but does no damage.
The ball python misses you.
You hit the ball python but do no damage.
The ball python closely misses you. The ball python barely misses you.
You hit the ball python but do no damage.
The ball python bites you. The ball python grabs you.
* * * LOW HITPOINT WARNING * * *
The ball python constricts you.
You hit the ball python but do no damage.
The ball python bites you but does no damage.
The ball python constricts you.
You hit the ball python but do no damage.
The ball python misses you.
* * * LOW HITPOINT WARNING * * *
The ball python constricts you.
You barely miss the ball python. The ball python barely misses you.
The ball python constricts you.
You escape the ball python's grasp.
The ball python misses you. The ball python barely misses you.
You barely miss the ball python. The ball python barely misses you.
The ball python grabs you.
* * * LOW HITPOINT WARNING * * *
The ball python constricts you.
You escape the ball python's grasp.
The ball python bites you.
You die...

.#...# #.# .## #..#
.#.#.##### #.# .l
#..## ...#.....#
#.# ..#...#
########.# #.##
.#...# #.# #..#
....## #<# #..##
#....# ### #.(.###
#....# .#
#.....####....#...#
#...S@.............
###########.#######
#.......#
#.#####.#### ..
#....# ##
####.##### ##.#....
#..#.### #.##.#


You could see a ball python.

Vanquished Creatures
  An adder (D:2)
  A worm (D:2)
  A dart slug (D:2)
  3 ball pythons
  3 endoplasms
  A giant cockroach (D:2)
  6 goblins
  3 hobgoblins
  10 jackals (D:1)
  3 quokkas
  3 frilled lizards (D:2)
  6 kobolds
  3 rats
44 creatures vanquished.

Notes
Turn   | Place    | Note
-------+----------+-------------------------------------------
     0 | D:1      | DocSulfur the Spriggan Enchanter began the quest for the
                  | Orb.
     0 | D:1      | Reached XP level 1. HP: 9/9 MP: 5/5
   202 | D:1      | Reached XP level 2. HP: 7/13 MP: 3/6
   480 | D:1      | Reached skill level 5 in Stealth
  1158 | D:1      | Found a faded altar of an unknown god.
  1255 | D:1      | Reached XP level 3. HP: 7/16 MP: 6/8
  1937 | D:2      | You fall into a shaft and drop 1 floor!
  2010 | D:3      | Learned a level 3 spell: Confusing Touch
  2014 | D:3      | Learned a level 3 spell: Tukima's Dance
  2792 | D:2      | Slain by a ball python

Illustrated notes

Levels and vault maps discovered:
D:1:      denvon_arrival_hothouse, layout_rooms,
          hellmonk_ecumenical_altar_heavens_door, nrook_loot_triangle
D:2:      minmay_recursive_quarters, layout_basic
D:3:      layout_loops_cross

Skill      XL: |  1  2 |
---------------+-------+-----
Stealth        | 5 |  5.8
Short Blades   | 2 |  2.7
Hexes          | 4 |  4.1
Dodging        | |  2.6
Spellcasting   | |  2.6

Action                   || total
-------------------------++-------
Melee: Dagger            ||   189
Throw: Dart              ||    23
 Cast: Corona            ||    45
       Confusing Touch   ||     5
 Stab: Sleeping          ||     6
       Confused          ||     3
Armor: Robe              ||    21
Dodge: Dodged            ||   171

Table legend: (Time is in decaauts)
 A = Elapsed time spent in this place.
 B = Non-inter-level travel time spent in this place.
 C = Inter-level travel time spent in this place.
 D = Time resting spent in this place.
 E = Time spent auto-exploring this place.
 F = Levels seen in this place.
 G = Mean time per level.
                   A        B        C        D        E       F      G
               +--------+--------+--------+--------+--------+-----+--------+
         Total |   2152 |   2138 |     14 |      7 |   1215 |   3 |  717.3 |
       Dungeon |   2152 |   2138 |     14 |      7 |   1215 |   3 |  717.3 |
               +--------+--------+--------+--------+--------+-----+--------+

Top non-repeatable levels by time:
     D:1: 1441 daAuts
     D:2: 636 daAuts
     D:3: 74 daAuts
